 Dungeon Crawl Stone Soup version 0.25.0-11-g1f837a76a1 (webtiles) character file.

Game seed: 377173304948741148

39 grindst0ne the Ducker (level 3, 0/16 HPs)
             Began as a Felid Transmuter on June 25, 2020.
             Slain by Purgy (1 damage)
             ... on level 3 of the Dungeon.
             The game lasted 00:04:57 (1901 turns).

grindst0ne the Ducker (Felid Transmuter)            Turns: 1901, Time: 00:04:58

Health: 0/16       AC:  1    Str:  6    XL:     3   Next: 26%
Magic:  6/7        EV: 19    Int: 15    God:
Gold:   87         SH:  0    Dex: 16    Spells: 0/6 levels left
                                        Lives:  0   Deaths: 1

rFire    . . .     SeeInvis +     - Unarmed
rCold    . . .     Gourm    .   (shield unavailable)
rNeg     . . .     Faith    +   (armour unavailable)
rPois    .         Spirit   .   (helmet unavailable)
rElec    .         Reflect  .   (cloak unavailable)
rCorr    .         Harm     .   (gloves unavailable)
MR       .....                  (boots unavailable)
Stlth    ++........             o - amulet of faith
HPRegen  0.05/turn              (no ring)
MPRegen  0.10/turn              (no ring)

@: appendage (expiring), quick
A: very small, no armour, no weapons or thrown items, stealth, claws 1, fangs 3,
horns 2, see invisible, carnivore, speed 1, shaggy fur 1, slow metabolism 1,
sharp paws
a: End Transformation


You were on level 3 of the Dungeon.
You were not hungry.
You had grown temporary horns.
You visited 1 branch of the dungeon, and saw 3 of its levels.

You collected 87 gold pieces.

Inventory:

Missiles
 a - 19 arrows
Jewellery
 k - an uncursed amulet of guardian spirit
 o - an amulet of faith (around neck)
Scrolls
 b - a scroll of enchant armour {unknown}
 f - a scroll of magic mapping {unknown}
 g - a scroll of noise {unknown}
 h - a scroll of amnesia {unknown}
 i - a scroll of random uselessness {unknown}
 l - a scroll of teleportation {unknown}
 n - 2 scrolls of blinking {unknown}
Potions
 j - a potion of lignification {unknown}
Comestibles
 c - 8 rations
 m - 5 chunks of flesh


   Skills:
 + Level 2.1 Fighting
 + Level 3.6 Dodging
 + Level 3.5 Unarmed Combat
 - Level 2.0 Spellcasting
 + Level 3.0 Transmutations
 + Level 0.8 Poison Magic


You couldn't memorise any spells.
You knew the following spells:

 Your Spells              Type           Power        Failure   Level  Hunger
a - Beastly Appendage     Tmut           ##....       6%          1    #......
b - Sticks to Snakes      Tmut           ##......     10%         2    ###....
c - Spider Form           Tmut/Pois      #.........   30%         3    ###....

Your spell library contained the following spells:

 Spells                   Type           Power        Failure   Level  Hunger
 Ice Form                 Ice/Tmut       #.......     75%         4    #####..
 Blade Hands              Tmut           ##........   87%         5    ######.


Dungeon Overview and Level Annotations

Branches:
Dungeon (3/15)

Altars:

Annotations:
D:2 Sigmund
D:3 Purgy


Innate Abilities, Weirdness & Mutations

You cannot wear armour.
You are incapable of wielding weapons or throwing items.
Your paws allow you to move quietly. (Stealth)
You have sharp claws.
You have razor-sharp teeth.
You have supernaturally acute eyesight. (SInv)
You are carnivorous and can eat meat at any time.
You cover ground quickly.
You are covered in fur. (AC +1)
You have a slow metabolism.
Your sharp claws are effective at attacking unaware monsters.
You have a pair of horns on your head.


Message History

You scratch Purgy. You headbutt Purgy. You claw Purgy.
Purgy is heavily wounded.
Your ball python bites Purgy.
Your ball python barely misses Purgy.
Purgy bites your ball python.
Your ball python dies!
Your ball python misses Purgy.
Purgy shouts!
You closely miss Purgy.
Purgy is heavily wounded.
Your transformation is almost over.
Your ball python barely misses Purgy.
Your ball python bites Purgy.
Purgy bites you!
* * * LOW HITPOINT WARNING * * *
Purgy closely misses you. Purgy claws you.
* * * LOW HITPOINT WARNING * * *
Your ball python closely misses Purgy.
You barely miss Purgy. You headbutt Purgy.
Purgy is severely wounded.
Your ball python closely misses Purgy.
Purgy misses you. Purgy claws you.
You die...

### ..# ###+##.#
#......# #......#####
#..........#
#######))#####.#
#.....#........#
#...S.@........#
#...ST#..#....#########
#.....+.>..............
#.....#........##....#
####'##.........#....#
..##...####.##[...##
.####................
.. ###.####.......## ..
### ###.#####


You could see Purgy and 2 friendly ball pythons.

Vanquished Creatures
  Jessica (D:2)
  2 adders
  An ooze (D:2)
  A dart slug (D:2)
  A leopard gecko (D:3)
  An orc (D:3)
  7 bats
  2 giant cockroaches (D:1)
  3 hobgoblins
  4 kobolds (D:1)
  A ball python (D:1)
  3 frilled lizards
  4 goblins (D:1)
  A rat (D:1)
32 creatures vanquished.

Vanquished Creatures (collateral kills)
  An adder (D:3)
  A goblin (D:3)
2 creatures vanquished.

Grand Total: 34 creatures vanquished

Notes
Turn   | Place    | Note
-------+----------+-------------------------------------------
     0 | D:1      | grindst0ne the Felid Transmuter began the quest for the
                  | Orb.
     0 | D:1      | Reached XP level 1. HP: 9/9 MP: 4/4
   143 | D:1      | Reached XP level 2. HP: 8/12 MP: 4/6
   150 | D:1      | Learned a level 2 spell: Sticks to Snakes
  1109 | D:2      | Reached XP level 3. HP: 3/16 MP: 7/7
  1370 | D:2      | Learned a level 3 spell: Spider Form
  1536 | D:2      | Noticed Jessica
  1547 | D:2      | Killed Jessica
  1671 | D:2      | Noticed Sigmund
  1688 | D:3      | Reached XP level 4. HP: 19/19 MP: 6/8
  1881 | D:3      | Noticed Purgy
  1894 | D:3      | Slain by Purgy
  1895 | D:3      | Reached XP level 3. HP: -4/16 MP: 2/7
  1901 | D:3      | Slain by Purgy

Illustrated notes

Levels and vault maps discovered:
D:1:      evilmike_arrival_crescent, layout_basic, minmay_misc_feat_roman,
          minmay_bisected
D:2:      layout_loops_cross, first_ration, uniq_sigmund, uniq_jessica
D:3:      layout_basic, lemuel_coloured_pillars_altar, bloody_makhleb,
          uniq_purgy

Skill      XL: |  1  2  3  4 |
---------------+-------------+-----
Dodging        | 3 |  3.6
Fighting       | 2 |  2.1
Transmutations | 3 |  3.0
Unarmed Combat | |  3.5
Spellcasting   | |  2.0
Poison Magic   | |  0.8

Action                   |  1- 3 |  4- 6 || total
-------------------------+-------+-------++-------
Melee: Unarmed           |    88 |    14 ||   102
       Bite              |    10 |     2 ||    12
       Headbutt          |    15 |     1 ||    16
       Punch             |     1 |       ||     1
 Cast: Beastly Appendage |    17 |     3 ||    20
       Sticks to Snakes  |     5 |     6 ||    11
  Use: Potion            |       |     2 ||     2
 Stab: Sleeping          |     2 |       ||     2
  Eat: Chunk             |     9 |     1 ||    10
Armor: Skin              |     8 |     2 ||    10
Dodge: Dodged            |    87 |    34 ||   121
